 Dungeon Sprint DCSS version 0.26.1-11-gd32895ea62 (webtiles) character file.

Game seed: 4419636212848188222

114 Zeld the Shield-Bearer (level 4, 0/44 HPs)
             Began as a Deep Dwarf Fighter on June 15, 2021.
             Was an Initiate of Makhleb.
             Splashed by a jelly's acid (8 damage)
             ... in the Dungeon (Sprint III: "The Ten Rune Challenge").
             The game lasted 00:00:43 (441 turns).

Zeld the Shield-Bearer (Deep Dwarf Fighter)          Turns: 441, Time: 00:00:44

Health: 0/44       AC: -5    Str: 21    XL:     4   Next: 67%
Magic:  2/2        EV: 10    Int:  8    God:    Makhleb [......]
Gold:   15         SH: 10    Dex: 12    Spells: 3/3 levels left

rFire    . . .     SeeInvis .   a - +0 war axe
rCold    . . .     Faith    .   c - +0 kite shield
rNeg     . . .     Spirit   .   b - +0 scale mail
rPois    .         Reflect  .   (no helmet)
rElec    .         Harm     .   (no cloak)
rCorr    .         Rampage  .   (no gloves)
Will     .....     NoTele   +   (no boots)
Stlth    ..........             (no amulet)
HPRegen  0.00/turn              (no ring)
MPRegen  0.08/turn              (no ring)

@: corroded, non-regenerating
A: damage resistance, heal wounds, sense surroundings 1, no regeneration
a: Heal Wounds, Renounce Religion


You were in the Dungeon.
You worshipped Makhleb.
Makhleb was noncommittal.
You visited 1 branch You collected 15 gold pieces.

Inventory:

Hand Weapons
 a - a +0 war axe (weapon)
Armour
 b - a +0 scale mail (worn)
 c - a +0 kite shield (worn)
Scrolls
 j - a scroll of blinking
 k - 2 scrolls of holy word {unknown}
 l - 2 scrolls of magic mapping {unknown}
 m - 2 scrolls of remove curse
 o - a scroll of immolation {unknown}
Potions
 d - a potion of might
 e - 2 potions of curing
 f - a potion of heal wounds
 g - 2 potions of haste
 h - 3 potions of magic
 n - 2 potions of flight


   Skills:
 + Level 4.3 Fighting
 * Level 6.2 Axes
 - Level 3.2 Armour
 + Level 4.0 Dodging
 * Level 6.7 Shields


You had 3 spell levels left.
You didn't know any spells.
Your spell library was empty.

Dungeon Overview and Level Annotations

Branches:
Dungeon (1/1)

Altars:
Cheibriados
Fedhas
Gozag
Hepliaklqana
Makhleb
Nemelex Xobeh
Qazlal
Xom
Jiyva
Lugonu


Innate Abilities, Weirdness & Mutations

You are resistant to damage.
You can heal yourself by infusing magical energy.
You passively map a small area around you.
You do not regenerate.


Message History

The shadow barely misses you.
Unknown command.
Press < or > to pray at altars.
You hit the shadow but do no damage.
The shadow is heavily damaged.
You hit the jelly.
Your hands burn!
You hit the spatial vortex. The jelly closely misses you.
The shadow slips into darkness.
The shadow flickers and vanishes!
Deactivating autopickup; reactivate with Ctrl-A.
The jelly barely misses you.
You barely miss the jelly.
The jelly is almost dead.
You barely miss something.
The shadow strikes at you from the darkness!
Ouch! That really hurt!
* * * LOW HITPOINT WARNING * * *
Reactivating autopickup.
The jelly hits you.
You are splashed with acid!
You die...

.....♣♣ ♣♣.# , , ,
....≈.♣♣♣..###+#+###+## ,
,
...≈≈.♣♣.♣.#..........#,
..≈≈≈≈..♣..'.⌠........#
..≈≈≈≈≈≈.♣.#...######'#,
* .≈≈≈≈≈≈....#.⌠.#v_#...#
* *
.≈≈≈≈≈.....#...#__#...#,,
.≈≈≈.......#+###__#...# *
≈ * .....†.....# #@W#...+
, ...........# #_J'...# ,
* , ▓▓▓▓▓▓▓▓▓▓▓▓
**▓▓▓▓▓▓▓▓ * ≈ ≈ , , ≈ ≈
* ≈ + ≈≈ ≈ , + , , * * *
≈ * , * * * * * * ≈ ≈


You could see a spatial vortex, a shadow and a jelly.

Vanquished Creatures
  A water elemental (D)
  Jessica (D)
  A human (D)
  An ooze (D)
  A phantom (D)
  2 rats (D)
7 creatures vanquished.

Vanquished Creatures (others)
  4 plants (D)
4 creatures vanquished.

Grand Total: 11 creatures vanquished

Notes
Turn   | Place    | Note
-------+----------+-------------------------------------------
     0 | D        | Zeld the Deep Dwarf Fighter began the quest for the Orb.
     0 | D        | Reached XP level 1. HP: 20/20 MP: 1/1
     8 | D        | Reached skill level 1 in Dodging
    70 | D        | Noticed Jessica
    78 | D        | Killed Jessica
    79 | D        | Reached skill level 5 in Shields
    79 | D        | Reached XP level 2. HP: 18/28 MP: 2/2
    79 | D        | Reached XP level 3. HP: 22/34 MP: 3/3
   216 | D        | Reached skill level 5 in Axes
   305 | D        | Noticed a water elemental
   314 | D        | Killed a water elemental
   315 | D        | Reached XP level 4. HP: 44/44 MP: 3/3
   422 | D        | Noticed a shadow
   427 | D        | Found a blossoming altar of Fedhas.
   427 | D        | Found a stormy altar of Qazlal.
   428 | D        | Found a snail-covered altar of Cheibriados.
   428 | D        | Found a burning altar of Makhleb.
   428 | D        | Found a hazy altar of Hepliaklqana.
   428 | D        | Found a shimmering altar of Xom.
   428 | D        | Found an opulent altar of Gozag.
   428 | D        | Found a sparkling altar of Nemelex Xobeh.
   428 | D        | Found a corrupted altar of Lugonu.
   428 | D        | Found a viscous altar of Jiyva.
   428 | D        | Noticed a spatial vortex
   431 | D        | Became a worshipper of Makhleb the Destroyer
   441 | D        | Splashed by a jelly's acid

Illustrated notes

Levels and vault maps discovered:
D:        dungeon_sprint_mu [sprint_mu_entry_forest, sprint_mu_temple_rooms,
          sprint_mu_d1_horrors, sprint_mu_d2_genie, sprint_mu_d3_branching,
          sprint_mu_orc_legion, sprint_mu_elf_gauntlet, sprint_mu_hive_nellie,
          sprint_mu_lair_fedhas, sprint_mu_vaults_butterflies,
          sprint_mu_slime_circle, sprint_mu_swamp_cave, sprint_mu_shoals_kraken,
          sprint_mu_blade_basic, sprint_mu_crypt_lich, sprint_mu_tomb_spiral,
          sprint_mu_vestibule_basic, sprint_mu_gehenna_hellfire,
          sprint_mu_dis_giant, sprint_mu_tartarus_statrot,
          sprint_mu_cocytus_islands, sprint_mu_zot1]

Skill      XL: |  1  2  3 |
---------------+----------+-----
Axes           | 4 6 |  6.2
Dodging        | 2 4 |  4.0
Fighting       | 3 4 |  4.3
Shields        | 5 6 |  6.7
Armour         | |  3.2

Action                   |  1- 3 |  4- 6 || total
-------------------------+-------+-------++-------
Melee: War axe           |    43 |     6 ||    49
 Abil: Heal Wounds       |     3 |     5 ||     8
  Use: Potion            |     1 |       ||     1
Armor: Scale mail        |     7 |       ||     7
Dodge: Dodged            |    18 |     9 ||    27
Block: Kite shield       |    18 |     5 ||    23
